Get step-by-step instructions on how to execute this build order below. Start the game timer, and the build order will tick by so you can play in parallel with StarCraft on a second screen or mobile device.

Game Time

  0:00

Last Step

  N/A

Next Step

Upcoming Step



Don't want to look back and forth between 2 screens? Try out our Overwolf App, the Spawning Tool Build Advisor to get an in-game overlay with this build!

Complete Build Order

  12  0:00  Drone  
  13  0:08  Drone  
  14  0:32  Hatchery  
  14  0:35  Drone  
  14  0:41  Extractor, Drone  
  15  0:57  Spawning Pool  
  14  1:03  Overlord  
  14  1:09  Extractor  
  14  1:10  Drone  
  15  1:22  Drone x2  
  17  1:25  Drone  
  18  1:36  Extractor, Drone  
  18  1:43  Queen  
  20  1:47  Queen  
  20  1:51  Zergling x2  
  23  1:54  Drone  
  23  1:57  Drone  
  23  2:00  Drone  
  26  2:07  Overlord  
  26  2:08  Drone  
  27  2:16  Drone  
  28  2:25  Queen  
  28  2:27  Drone  
  28  2:28  Drone  
  32  2:38  Drone, Overlord  
  33  2:47  Hatchery  
  33  2:51  Zergling x2  
  33  2:57  Zergling x2  
  35  2:58  Drone x3  
  35  3:01  Drone  
  35  3:04  Zergling x2  
  39  3:07  Metabolic Boost  
  39  3:12  Overlord  
  39  3:19  Queen  
  41  3:22  Drone x2  
  41  3:24  Drone  
  43  3:31  Drone, Overlord  
  43  3:32  Drone  
  45  3:34  Drone  
  45  3:38  Drone x2  
  48  3:42  Overlord  
  48  3:50  Drone x2  
  48  3:52  Extractor  
  48  3:54  Drone  
  50  4:00  Zergling x2, Overlord  
  51  4:04  Zergling x2  
  51  4:05  Baneling Nest  
  51  4:08  Zergling x12  
  57  4:11  Zergling x2  
  58  4:17  Overlord  
  58  4:20  Zergling x2  
  58  4:22  Zergling x2  
  60  4:31  Zergling x6  
  63  4:39  Zergling x18  
  63  4:45  Zergling x4  
  74  4:51  Baneling x9  
  74  4:55  Zergling x6  
  77  5:00  Overlord  
  76  5:08  Zergling x12  
  81  5:16  Zergling x2  
  76  5:21  Zergling x14  
  76  5:26  Baneling x7  
  76  5:27  Baneling  
  82  5:29  Drone  
  82  5:32  Spore Crawler  
  81  5:36  Baneling x2  
  81  5:38  Zergling x8  
  82  5:46  Zergling x10  
  82  5:47  Baneling x2  
  80  5:58  Drone x2  
  80  5:59  Drone x4  
  80  6:03  Drone x2  
  84  6:06  Drone  
  84  6:07  Drone, Spore Crawler  
  81  6:12  Lair  
  81  6:15  Drone x2  
  82  6:21  Roach Warren  
  82  6:23  Drone x2  
  83  6:29  Overlord  
  83  6:32  Drone x5  
  88  6:35  Overlord  
  88  6:40  Overlord x2  
  88  6:44  Extractor  
  88  6:46  Drone x3  
  89  6:51  Extractor  
  89  6:52  Overlord  
  88  7:01  Roach x6  
  100  7:04  Roach  
  100  7:08  Roach  
  104  7:09  Spine Crawler  
  104  7:13  Roach x5  
  104  7:14  Roach  
  115  7:20  Overlord  
  115  7:21  Baneling x3  
  115  7:29  Roach x5  
  125  7:31  Overlord  
  125  7:38  Overlord  
  125  7:39  Overlord  
  125  7:43  Ravager x2  
  124  7:45  Drone  
  124  7:46  Drone x4  
  129  7:52  Evolution Chamber  
  129  7:55  Glial Reconstitution  
  129  7:58  Drone x4  
  132  8:02  Overlord  
  132  8:05  Roach x5  
  142  8:08  Overseer  
  142  8:13  Extractor x2  
  142  8:18  Drone  
  142  8:19  Drone x4  
  145  8:25  Zerg Missile Weapons Level 1  
  145  8:30  Hatchery  
  144  8:35  Centrifugal Hooks, Overlord x3  
  144  8:41  Roach x5  
  154  8:45  Overlord  
  154  8:54  Roach  
  154  8:55  Roach x5  
  165  9:02  Roach x5  
  170  9:11  Drone x3  
  170  9:12  Drone x2  
  170  9:15  Baneling x5  
  175  9:17  Roach x3  
  181  9:27  Roach  
  181  9:28  Roach x2  
  186  9:33  Ravager x3  
  186  9:35  Zergling x12  
  186  9:36  Zergling x4  
  197  9:46  Zergling x4  
  199  9:57  Baneling x6  
  199  9:58  Baneling x6  
  199  9:59  Baneling x8  
  197  10:08  Zergling x4  
  197  10:14  Overseer x2  
  196  10:28  Zergling x24  
  195  10:38  Roach  
  195  10:39  Roach  
  196  10:44  Zergling x14  
  196  10:49  Zergling x8